[ PARTIDA AOE2 · #513650837 ]
UnrankedCiv #60 vs Mongols
Equipo del jugador · VICT
Equipo rival · DERR
[ ANÁLISIS DE REPETICIÓN · EXTRAÍDO DE LA PARTIDA GRABADA ]
Feudal
11:20
Castillos
19:34
Imperial
33:21
| APM promedio | 89.1 |
| APM pico | 188 |
| eAPM promedio | 39.7 |
| Aldeanos / militares | 151 / 51 |
Foco
⚔️ 46.4% · 🌾 53.6%
Skirmisher ×29 · Unknown (2705) ×26 · Militia ×7 · Ballestero montado ×5 · Monk ×2 · Mangonel ×2
Feudal
8:34
Castillos
19:22
Imperial
—
| APM promedio | 86.0 |
| APM pico | 119 |
| eAPM promedio | 34.3 |
| Aldeanos / militares | 147 / 68 |
Foco
⚔️ 46.7% · 🌾 53.3%
Cavalry Archer ×41 · Archer ×17 · Militia ×5 · Mangonel ×3 · Scout Cavalry ×2
Mapa de la partida
Recursos iniciales + cada clic de construcción. Líneas = muros · curvas = relieve. ◆ oro · ⬟ piedra · ● bayas · ✦ reliquia · ◌ hueco del cierre
Tu base· ✓ Cerrada en 19:34 · 35t muro · sin puerta
Base de 가짜 꽃잎이 바람에 흩· Abierta — el rival se encerró
Terreno inicial suavizado · ◌ = hueco del cierre detectado · pasá el cursor para detalles
Inputs por minuto
— VL Aveee - - 가짜 꽃잎이 바람에 흩
Build order — VL Aveee
Primeras 150 de 398 acciones detectadas
| 0:00 | Encolar | Villager (Male) |
| 0:00 | Encolar | Villager (Male) |
| 0:01 | Construir | House |
| 0:02 | Construir | House |
| 0:03 | Encolar | Villager (Male) |
| 0:04 | Encolar | Villager (Male) |
| 1:18 | Encolar | Villager (Male) |
| 1:19 | Encolar | Villager (Male) |
| 1:35 | Construir | Lumber Camp |
| 1:59 | Encolar | Villager (Male) |
| 1:59 | Encolar | Villager (Male) |
| 2:14 | Encolar | Villager (Male) |
| 2:43 | Encolar | Villager (Male) |
| 2:43 | Encolar | Villager (Male) |
| 3:04 | Encolar | Villager (Male) |
| 3:04 | Encolar | Villager (Male) |
| 3:04 | Encolar | Villager (Male) |
| 3:26 | Encolar | Villager (Male) |
| 3:28 | Construir | House |
| 3:54 | Encolar | Villager (Male) |
| 3:54 | Encolar | Villager (Male) |
| 3:54 | Encolar | Villager (Male) |
| 4:04 | Construir | Barracks |
| 4:12 | Encolar | Villager (Male) |
| 4:12 | Encolar | Villager (Male) |
| 4:41 | Construir | House |
| 4:52 | Encolar | Villager (Male) |
| 4:56 | Encolar | Villager (Male) |
| 4:56 | Encolar | Villager (Male) |
| 4:56 | Encolar | Villager (Male) |
| 5:18 | Encolar | Militia |
| 5:18 | Encolar | Militia |
| 5:18 | Encolar | Militia |
| 5:24 | Encolar | Militia |
| 5:25 | Encolar | Villager (Male) |
| 5:30 | Construir | House |
| 5:47 | Encolar | Militia |
| 5:47 | Encolar | Militia |
| 5:48 | Encolar | Militia |
| 5:53 | Construir | Mill |
| 6:01 | Encolar | Villager (Male) |
| 6:29 | Encolar | Villager (Male) |
| 6:30 | Encolar | Villager (Male) |
| 6:30 | Encolar | Villager (Male) |
| 7:17 | Encolar | Villager (Male) |
| 7:19 | Encolar | Villager (Male) |
| 7:19 | Investigar | Loom |
| 7:32 | Construir | Lumber Camp |
| 7:42 | Construir | Palisade Wall |
| 8:17 | Encolar | Villager (Male) |
| 8:42 | Encolar | Villager (Male) |
| 8:57 | Encolar | Villager (Male) |
| 8:59 | Investigar | Feudal Age |
| 9:00 | Investigar | Feudal Age |
| 9:00 | Investigar | Feudal Age |
| 9:30 | Construir | House |
| 9:33 | Construir | House |
| 9:36 | Construir | Palisade Wall |
| 9:44 | Construir | Palisade Wall |
| 9:48 | Construir | Palisade Wall |
| 9:48 | Construir | Palisade Wall |
| 9:50 | Construir | Palisade Wall |
| 10:01 | Construir | Palisade Wall |
| 10:01 | Construir | Palisade Wall |
| 10:02 | Construir | Palisade Wall |
| 10:31 | Encolar | Villager (Male) |
| 10:31 | Encolar | Villager (Male) |
| 10:40 | Construir | Mining Camp |
| 11:20 | Edad | Edad Feudal |
| 11:25 | Investigar | Double-Bit Axe |
| 11:27 | Encolar | Villager (Male) |
| 11:27 | Construir | Farm |
| 11:29 | Construir | Farm |
| 11:31 | Construir | Farm |
| 11:33 | Construir | Farm |
| 11:35 | Encolar | Villager (Male) |
| 11:41 | Construir | Archery Range |
| 11:41 | Encolar | Spearman |
| 11:45 | Construir | Farm |
| 11:55 | Encolar | Villager (Male) |
| 12:04 | Construir | Farm |
| 12:10 | Construir | House |
| 12:21 | Encolar | Skirmisher |
| 12:24 | Construir | Farm |
| 12:30 | Encolar | Villager (Male) |
| 12:36 | Construir | Farm |
| 12:57 | Encolar | Skirmisher |
| 13:00 | Encolar | Villager (Male) |
| 13:09 | Construir | Blacksmith |
| 13:20 | Construir | House |
| 13:21 | Construir | House |
| 13:25 | Encolar | Skirmisher |
| 13:26 | Encolar | Skirmisher |
| 13:26 | Encolar | Skirmisher |
| 13:28 | Construir | House |
| 13:48 | Encolar | Skirmisher |
| 13:53 | Investigar | Padded Archer Armor |
| 14:00 | Construir | Farm |
| 14:05 | Construir | Farm |
| 14:10 | Encolar | Villager (Male) |
| 14:12 | Encolar | Villager (Male) |
| 14:24 | Encolar | Skirmisher |
| 14:40 | Construir | Farm |
| 14:46 | Construir | Farm |
| 14:49 | Encolar | Villager (Male) |
| 15:07 | Encolar | Villager (Male) |
| 15:46 | Encolar | Villager (Male) |
| 15:50 | Construir | Farm |
| 15:51 | Construir | Farm |
| 16:05 | Construir | Farm |
| 16:10 | Encolar | Villager (Male) |
| 16:29 | Construir | Farm |
| 16:54 | Investigar | Castle Age |
| 16:54 | Investigar | Castle Age |
| 17:17 | Encolar | Skirmisher |
| 17:20 | Encolar | Skirmisher |
| 17:22 | Investigar | Horse Collar |
| 17:22 | Investigar | Horse Collar |
| 17:42 | Construir | Lumber Camp |
| 17:44 | Investigar | Gold Mining |
| 17:46 | Encolar | Spearman |
| 18:00 | Encolar | Skirmisher |
| 18:15 | Encolar | Skirmisher |
| 18:55 | Encolar | Villager (Male) |
| 18:56 | Encolar | Villager (Male) |
| 19:34 | Edad | Edad de los Castillos |
| 19:35 | Investigar | Elite Skirmisher (upgrade) |
| 19:35 | Investigar | Elite Skirmisher (upgrade) |
| 19:35 | Investigar | Leather Archer Armor |
| 19:36 | Investigar | Leather Archer Armor |
| 19:36 | Investigar | Leather Archer Armor |
| 19:38 | Construir | Town Center |
| 19:40 | Investigar | Bow Saw |
| 19:42 | Construir | Town Center |
| 19:47 | Investigar | Wheelbarrow |
| 19:50 | Construir | Farm |
| 19:50 | Investigar | Town Watch |
| 19:57 | Encolar | Villager (Male) |
| 20:11 | Construir | House |
| 20:13 | Encolar | Skirmisher |
| 20:15 | Encolar | Villager (Male) |
| 20:18 | Construir | House |
| 20:19 | Encolar | Unit 2703 |
| 20:21 | Encolar | Villager (Male) |
| 20:23 | Construir | Farm |
| 20:24 | Construir | Farm |
| 20:25 | Construir | Farm |
| 20:37 | Encolar | Skirmisher |
| 20:39 | Encolar | Villager (Male) |
| 20:50 | Investigar | Town Watch |
Build order — 가짜 꽃잎이 바람에 흩
Primeras 150 de 362 acciones detectadas
| 0:00 | Encolar | Villager (Male) ×4 |
| 0:01 | Encolar | Villager (Male) ×4 |
| 0:01 | Construir | House |
| 0:02 | Construir | House |
| 1:33 | Encolar | Villager (Male) |
| 1:33 | Encolar | Villager (Male) |
| 1:43 | Encolar | Villager (Male) |
| 1:44 | Encolar | Villager (Male) |
| 1:58 | Encolar | Villager (Male) |
| 1:58 | Encolar | Villager (Male) |
| 2:23 | Encolar | Villager (Male) |
| 2:27 | Construir | Lumber Camp |
| 2:55 | Encolar | Villager (Male) |
| 3:03 | Encolar | Villager (Male) |
| 3:03 | Encolar | Villager (Male) |
| 3:15 | Encolar | Villager (Male) |
| 3:36 | Encolar | Villager (Male) |
| 3:48 | Construir | House |
| 4:31 | Encolar | Villager (Male) |
| 4:46 | Encolar | Villager (Male) |
| 5:33 | Construir | Barracks |
| 5:52 | Investigar | Loom |
| 5:52 | Investigar | Loom |
| 6:24 | Investigar | Feudal Age |
| 6:25 | Investigar | Feudal Age |
| 6:42 | Encolar | Militia |
| 7:05 | Encolar | Militia |
| 7:15 | Construir | Mining Camp |
| 7:39 | Encolar | Militia |
| 7:39 | Encolar | Militia |
| 7:40 | Encolar | Militia |
| 7:51 | Construir | House |
| 8:34 | Edad | Edad Feudal |
| 8:36 | Encolar | Villager (Male) |
| 8:38 | Investigar | Man-at-Arms (upgrade) |
| 9:03 | Encolar | Villager (Male) |
| 9:18 | Encolar | Villager (Male) |
| 9:23 | Construir | Archery Range |
| 9:36 | Construir | Mill |
| 9:38 | Investigar | Double-Bit Axe |
| 9:44 | Encolar | Villager (Male) |
| 9:55 | Construir | House |
| 10:17 | Encolar | Villager (Male) |
| 10:19 | Encolar | Archer |
| 10:35 | Encolar | Villager (Male) |
| 10:42 | Encolar | Archer |
| 10:42 | Encolar | Archer |
| 11:01 | Encolar | Villager (Male) |
| 11:03 | Construir | House |
| 11:16 | Investigar | Horse Collar |
| 11:16 | Investigar | Horse Collar |
| 11:28 | Encolar | Villager (Male) |
| 11:38 | Construir | House |
| 11:39 | Encolar | Archer |
| 11:39 | Encolar | Archer |
| 11:39 | Encolar | Archer |
| 11:47 | Construir | Farm |
| 11:49 | Encolar | Villager (Male) |
| 11:50 | Construir | Farm |
| 11:52 | Construir | Farm |
| 12:10 | Construir | House |
| 12:12 | Construir | Palisade Wall |
| 12:17 | Encolar | Villager (Male) |
| 12:28 | Encolar | Archer |
| 12:30 | Construir | Farm |
| 12:31 | Construir | Farm |
| 12:40 | Construir | Blacksmith |
| 12:43 | Encolar | Villager (Male) |
| 12:52 | Encolar | Villager (Male) |
| 12:55 | Encolar | Villager (Male) |
| 12:55 | Encolar | Villager (Male) |
| 12:55 | Encolar | Villager (Male) |
| 13:03 | Construir | Farm |
| 13:17 | Encolar | Archer |
| 13:38 | Construir | Farm |
| 13:49 | Construir | House |
| 13:49 | Investigar | Fletching |
| 13:53 | Construir | House |
| 13:54 | Encolar | Villager (Male) |
| 14:07 | Construir | Farm |
| 14:21 | Construir | House |
| 14:32 | Construir | Palisade Wall |
| 14:37 | Encolar | Archer |
| 14:50 | Encolar | Villager (Male) |
| 15:01 | Construir | Palisade Wall |
| 15:10 | Construir | Farm |
| 15:13 | Encolar | Villager (Male) |
| 15:19 | Construir | Farm |
| 15:21 | Construir | Farm |
| 15:41 | Encolar | Villager (Male) |
| 15:43 | Encolar | Archer |
| 16:05 | Construir | Stable |
| 16:06 | Encolar | Villager (Male) |
| 16:17 | Construir | Palisade Wall |
| 16:42 | Investigar | Castle Age |
| 16:42 | Investigar | Castle Age |
| 16:46 | Encolar | Archer |
| 17:06 | Encolar | Scout Cavalry |
| 17:07 | Encolar | Scout Cavalry |
| 17:19 | Encolar | Archer |
| 17:25 | Investigar | Gold Mining |
| 17:25 | Investigar | Gold Mining |
| 17:35 | Encolar | Archer |
| 17:46 | Construir | Palisade Wall |
| 17:46 | Construir | Palisade Wall |
| 17:54 | Construir | Archery Range |
| 18:10 | Encolar | Archer |
| 18:14 | Investigar | Bloodlines |
| 18:15 | Investigar | Bloodlines |
| 18:41 | Encolar | Archer |
| 18:52 | Construir | Lumber Camp |
| 18:59 | Encolar | Archer |
| 18:59 | Encolar | Archer |
| 19:12 | Encolar | Villager (Male) |
| 19:22 | Edad | Edad de los Castillos |
| 19:24 | Investigar | Bodkin Arrow |
| 19:24 | Investigar | Bodkin Arrow |
| 19:25 | Investigar | Bodkin Arrow |
| 19:28 | Encolar | Villager (Male) |
| 19:48 | Construir | University |
| 20:09 | Encolar | Villager (Male) |
| 20:26 | Investigar | Crossbowman (upgrade) |
| 20:26 | Investigar | Crossbowman (upgrade) |
| 20:31 | Encolar | Cavalry Archer |
| 20:31 | Encolar | Cavalry Archer |
| 20:37 | Encolar | Villager (Male) |
| 20:37 | Encolar | Villager (Male) |
| 20:38 | Encolar | Villager (Male) |
| 20:57 | Construir | Town Center |
| 21:00 | Encolar | Villager (Male) |
| 21:16 | Encolar | Villager (Male) |
| 21:17 | Encolar | Villager (Male) |
| 21:19 | Encolar | Cavalry Archer |
| 21:26 | Investigar | Ballistics |
| 21:26 | Investigar | Ballistics |
| 21:34 | Encolar | Villager (Male) |
| 21:35 | Encolar | Cavalry Archer |
| 21:36 | Encolar | Cavalry Archer |
| 21:56 | Encolar | Cavalry Archer |
| 21:56 | Encolar | Cavalry Archer |
| 22:00 | Encolar | Villager (Male) |
| 22:09 | Encolar | Cavalry Archer |
| 22:09 | Encolar | Cavalry Archer |
| 22:19 | Encolar | Villager (Male) |
| 22:28 | Construir | House |
| 22:30 | Encolar | Villager (Male) |
| 22:30 | Encolar | Villager (Male) |
| 22:35 | Encolar | Cavalry Archer |
| 22:35 | Encolar | Cavalry Archer |
| 22:49 | Construir | Mining Camp |
Cronología de la partida
| 4:04 | VL Aveee · first_building Barracks |
| 5:33 | 가짜 꽃잎이 바람에 흩 · first_building Barracks |
| 7:42 | VL Aveee · wall_segment Palisade Wall x10 |
| 8:34 | 가짜 꽃잎이 바람에 흩 · age_up feudal |
| 9:23 | 가짜 꽃잎이 바람에 흩 · first_building Archery Range |
| 9:36 | VL Aveee · wall_segment Palisade Wall x5 |
| 9:44 | VL Aveee · wall_segment Palisade Wall x5 |
| 9:48 | VL Aveee · wall_segment Palisade Wall x3 |
| 9:48 | VL Aveee · wall_segment Palisade Wall x6 |
| 9:50 | VL Aveee · wall_segment Palisade Wall x1 |
| 10:01 | VL Aveee · wall_segment Palisade Wall x4 |
| 10:01 | VL Aveee · wall_segment Palisade Wall x1 |
| 10:02 | VL Aveee · wall_segment Palisade Wall x1 |
| 11:20 | VL Aveee · age_up feudal |
| 11:41 | VL Aveee · first_building Archery Range |
| 12:12 | 가짜 꽃잎이 바람에 흩 · wall_segment Palisade Wall x3 |
| 14:32 | 가짜 꽃잎이 바람에 흩 · wall_segment Palisade Wall x7 |
| 15:01 | 가짜 꽃잎이 바람에 흩 · wall_segment Palisade Wall x3 |
| 16:05 | 가짜 꽃잎이 바람에 흩 · first_building Stable |
| 16:17 | 가짜 꽃잎이 바람에 흩 · wall_segment Palisade Wall x7 |
| 17:46 | 가짜 꽃잎이 바람에 흩 · wall_segment Palisade Wall x1 |
| 17:46 | 가짜 꽃잎이 바람에 흩 · wall_segment Palisade Wall x1 |
| 19:22 | 가짜 꽃잎이 바람에 흩 · age_up castle |
| 19:34 | VL Aveee · age_up castle |
| 22:37 | VL Aveee · first_building Siege Workshop |
| 22:42 | VL Aveee · first_building Monastery |
| 25:29 | 가짜 꽃잎이 바람에 흩 · first_building Siege Workshop |
| 26:44 | 가짜 꽃잎이 바람에 흩 · first_market_buy 100 wood |
| 26:49 | VL Aveee · first_building Castle |
| 31:49 | VL Aveee · first_market_buy 100 stone |
| 32:55 | 가짜 꽃잎이 바람에 흩 · first_market_sell 100 wood |
| 33:21 | VL Aveee · age_up imperial |
| 34:25 | 가짜 꽃잎이 바람에 흩 · first_building Castle |
| 34:31 | 가짜 꽃잎이 바람에 흩 · resign |
[ ANÁLISIS IA · 1 CRÉDITO ]
¿Qué pasó realmente en esta partida?
Wolo.gg analiza cada decisión: build order, eco, micro, errores típicos por bracket. Análisis personalizado por WhatsApp o Discord en 30 segundos.
Guía civ
Civ #60
Perfil
Jugador #6773576